Thrashers vs BlueJackets

Created - April 8 2007 at 11:47

Goals
1 2 3 T
Thrashers 3 1 1 5
BlueJackets 0 0 2 2
Shots
1 2 3 T
Thrashers 15 6 8 29
BlueJackets 3 7 6 16

Period #1

1. Thrashers , Ilya Kovalchuk 51 (Philippe Boucher, Brendan Morrison) at 2:33 (PP)
2. Thrashers , Brett Clark 6 (Philippe Boucher, Robert Lang) at 13:45
3. Thrashers , Robert Lang 18 (Ladislav Nagy) at 16:56

Penalities :
Adam Foote (CBJ) for Roughing (Minor) at 0:55, Ron Hainsey (CBJ) for Cross-checking (Minor) at 5:53, David Vyborny (CBJ) for Hooking (Minor) at 7:58, Trevor Letowski (CBJ) for High sticking (Minor) at 14:47, Andy Sutton (ATL) for Diving (Minor) at 17:27, Brenden Morrow (CBJ) for Checking from behind (Major) at 19:38

Period #2

4. Thrashers , Ilya Kovalchuk 52 (Mike Van Ryn, Ales Kotalik) at 3:38 (PP)

Penalities :
Ilya Kovalchuk (ATL) for Cross-checking (Minor) at 8:19, Bobby Holik (ATL) for Tripping (Minor) at 9:38, Brenden Morrow (CBJ) for Roughing (Minor) at 11:50, Ladislav Nagy (ATL) for Diving (Minor) at 14:36, Brendan Morrison (ATL) for Slashing (Minor) at 16:48

Period #3

5. Thrashers , Ilya Kovalchuk 53 (Brian Leetch) at 0:46 (PP)
6. BlueJackets , Jason Chimera 1 (Brad Stuart, Stephen Weiss) at 7:44
7. BlueJackets , Nikolai Zherdev 21 (Radoslav Suchy, Sergei Fedorov) at 19:40 (PP)

Penalities :
Nikolai Zherdev (CBJ) for Boarding (Minor) at 0:28, Brenden Morrow (CBJ) for Kneeing (Major) at 1:55, Brendan Morrison (ATL) for Hooking (Minor) at 11:14, Brenden Morrow (CBJ) for Roughing (Minor) at 14:08, Duvie Westcott (CBJ) for Tripping (Minor) at 16:24, Alexander Frolov (ATL) for Interference (Minor) at 19:08

Goalie Stats

Kari Lehtonen (ATL), 14 saves from 16 shots - (0.875), W, 38-16-7, 60:00 minutes
Pascal Leclaire (CBJ), 17 saves from 22 shots - (0.773), L, 23-33-5, 40:46 minutes
Dan Cloutier (CBJ), 7 saves from 7 shots - (1.000), 19:14 minutes

Players Stats

Thrashers
Player Name              G  A  P  +/- PIM S  H  SB FO MP 
-----------------------------------------------------------
Ales Kotalik             0  1  1  -1  0   1  0  0  1  19 
Alexander Frolov         0  0  0  -1  2   3  1  0  1  20 
Andy Sutton              0  0  0   0  2   1  1  0  0  11 
Anson Carter             0  0  0   0  0   0  0  0  2  13 
Bobby Holik              0  0  0   0  2   0  2  0  16 12 
Brendan Morrison         0  1  1   0  4   1  0  0  19 18 
Brett Clark              1  0  1   2  0   2  2  2  0  13 
Brian Leetch             0  1  1   0  0   1  2  0  0  20 
Greg de Vries            0  0  0   0  0   1  0  0  0  23 
Ilya Kovalchuk           3  0  3   0  2   7  0  0  3  23 
Jozef Stumpel            0  0  0  -1  0   0  1  0  18 15 
Ladislav Nagy            0  1  1   2  2   2  0  0  2  11 
Marian Hossa             0  0  0   2  0   4  2  0  1  19 
Mike Van Ryn             0  1  1  -1  0   0  1  0  0  17 
Niclas Havelid           0  0  0  -1  0   0  1  0  0  21 
Philippe Boucher         0  2  2   2  0   0  0  0  0  22 
Robert Lang              1  1  2   2  0   3  0  0  18 18 
Scott Mellanby           0  0  0   0  0   3  0  0  0  11 
BlueJackets
Player Name              G  A  P  +/- PIM S  H  SB FO MP 
-----------------------------------------------------------
Adam Foote               0  0  0  -1  2   0  0  1  0  14 
Antti Miettinen          0  0  0   0  0   0  0  0  1  13 
Brad Stuart              0  1  1   0  0   0  2  1  0  23 
Brenden Morrow           0  0  0   0  14  2  0  0  0  12 
Dan Fritsche             0  0  0  -1  0   0  0  0  0  15 
David Vyborny            0  0  0   0  2   0  1  0  0  11 
Duvie Westcott           0  0  0  -1  2   0  0  1  0  22 
Fredrik Modin            0  0  0   0  0   1  1  0  12 23 
Jason Chimera            1  0  1   0  0   2  0  0  1  4  
Marc Savard              0  0  0  -1  0   3  0  0  23 18 
Nikolai Zherdev          1  0  1   0  2   4  0  0  0  12 
Patrice Brisebois        0  0  0   0  0   1  0  2  0  21 
Radoslav Suchy           0  1  1   1  0   0  0  2  0  19 
Ron Hainsey              0  0  0  -1  2   0  0  1  0  24 
Sergei Fedorov           0  1  1   0  0   1  1  0  31 21 
Stephen Weiss            0  1  1   0  0   2  1  0  4  10 
Trevor Letowski          0  0  0  -1  2   0  0  1  2  13 
Tyler Arnason            0  0  0   0  0   0  2  0  7  19 

3 Stars

1 - Ilya Kovalchuk (ATL)
2 - Robert Lang (ATL)
3 - Brett Clark (ATL)

Power Play

Thrashers - 3 on 10 Attempt(s) - 30.00%
BlueJackets - 1 on 7 Attempt(s) - 14.29%

Penalty Kill

Thrashers - 6 on 7 Attempt(s) - 85.71% - Score 0 goal in Penalty Kill
BlueJackets - 7 on 10 Attempt(s) - 70.00% - Score 0 goal in Penalty Kill

Game Notes

Ilya Kovalchuk has scored a Hat Trick!
Dan Cloutier enters game at 0:46 of 3rd period

Finance

Level 1 -- Attendance: 4901 (81.69%) -- Ticket Income $377,377.00
Level 2 -- Attendance: 4698 (89.48%) -- Ticket Income $258,390.00
Level 3 -- Attendance: 1753 (77.93%) -- Ticket Income $52,590.00
Level 4 -- Attendance: 3676 (91.90%) -- Ticket Income $55,140.00
Luxury Box -- Attendance: 937 (93.74%) -- Ticket Income $140,550.00
Game was played at the Nationwide Arena
Total Attendance: 15965 (86.30%)
Total Ticket Income: $907,237.40
Other Income: $137,357.70
Total Income: $1,044,595.00


Play by Play

Period #1

0:01 of 1st period - Sergei Fedorov wins face-off versus Robert Lang in neutral zone.
0:20 of 1st period - Shot by Sergei Fedorov.
0:20 of 1st period - Stopped by Kari Lehtonen without a rebound.
0:21 of 1st period - Marc Savard wins face-off versus Anson Carter in Thrashers zone.
0:28 of 1st period - Shot by Ilya Kovalchuk.
0:28 of 1st period - Shot Misses the Net.
0:33 of 1st period - Shot by Anson Carter.
0:33 of 1st period - Shot Blocked by Adam Foote.
0:55 of 1st period - Minor Penalty to Adam Foote for Roughing.
0:56 of 1st period - Sergei Fedorov wins face-off versus Robert Lang in Thrashers zone.
0:57 of 1st period - Shot by Brenden Morrow.
0:57 of 1st period - Shot Misses the Net.
1:57 of 1st period - Icing by Ales Kotalik.
1:58 of 1st period - Sergei Fedorov wins face-off versus Brendan Morrison in Thrashers zone.
2:24 of 1st period - Icing by Brian Leetch.
2:25 of 1st period - Brendan Morrison wins face-off versus Fredrik Modin in Thrashers zone.
2:30 of 1st period - Shot by Ilya Kovalchuk.
2:30 of 1st period - Shot Misses the Net.
2:33 of 1st period - Shot by Ilya Kovalchuk.
2:33 of 1st period - Goal by Ilya Kovalchuk - Thrashers : 1 - BlueJackets : 0.
2:34 of 1st period - Tyler Arnason wins face-off versus Jozef Stumpel in neutral zone.
3:01 of 1st period - Shot by Ales Kotalik.
3:01 of 1st period - Shot Misses the Net.
3:04 of 1st period - Shot by Jozef Stumpel.
3:04 of 1st period - Shot Misses the Net.
3:14 of 1st period - David Vyborny is hit by Mike Van Ryn and loses puck.
3:52 of 1st period - Shot by Ladislav Nagy.
3:52 of 1st period - Stopped by Pascal Leclaire without a rebound.
3:53 of 1st period - Bobby Holik wins face-off versus Sergei Fedorov in BlueJackets zone.
4:00 of 1st period - Shot by Scott Mellanby.
4:00 of 1st period - Stopped by Pascal Leclaire without a rebound.
4:01 of 1st period - Brendan Morrison wins face-off versus Sergei Fedorov in BlueJackets zone.
4:06 of 1st period - Shot by Ilya Kovalchuk.
4:06 of 1st period - Shot Misses the Net.
5:01 of 1st period - Shot by Marc Savard.
5:01 of 1st period - Shot Blocked by Brett Clark.
5:07 of 1st period - Ladislav Nagy is hit by Fredrik Modin and loses puck.
5:29 of 1st period - Shot by Robert Lang.
5:29 of 1st period - Stopped by Pascal Leclaire without a rebound.
5:30 of 1st period - Tyler Arnason wins face-off versus Jozef Stumpel in BlueJackets zone.
5:46 of 1st period - Off-side.
5:47 of 1st period - Bobby Holik wins face-off versus Stephen Weiss in neutral zone.
5:53 of 1st period - Minor Penalty to Ron Hainsey for Cross-checking.
5:54 of 1st period - Robert Lang wins face-off versus Sergei Fedorov in BlueJackets zone.
6:02 of 1st period - Marian Hossa is hit by Brad Stuart and loses puck.
6:10 of 1st period - Shot by Alexander Frolov.
6:10 of 1st period - Stopped by Pascal Leclaire without a rebound.
6:11 of 1st period - Fredrik Modin wins face-off versus Ilya Kovalchuk in BlueJackets zone.
7:20 of 1st period - Shot by Robert Lang.
7:20 of 1st period - Deflect By Alexander Frolov.
7:20 of 1st period - Shot Misses the Net.
7:58 of 1st period - Minor Penalty to David Vyborny for Hooking.
7:59 of 1st period - Brendan Morrison wins face-off versus Fredrik Modin in BlueJackets zone.
8:20 of 1st period - Shot by Ales Kotalik.
8:20 of 1st period - Stopped by Pascal Leclaire without a rebound.
8:21 of 1st period - Sergei Fedorov wins face-off versus Robert Lang in BlueJackets zone.
10:02 of 1st period - Shot by Marc Savard.
10:02 of 1st period - Shot Misses the Net.
10:05 of 1st period - Shot by Marc Savard.
10:05 of 1st period - Stopped by Kari Lehtonen without a rebound.
10:06 of 1st period - Marc Savard wins face-off versus Bobby Holik in Thrashers zone.
10:24 of 1st period - Icing by Adam Foote.
10:25 of 1st period - Jozef Stumpel wins face-off versus Marc Savard in BlueJackets zone.
10:29 of 1st period - Icing by Trevor Letowski.
10:30 of 1st period - Marc Savard wins face-off versus Bobby Holik in BlueJackets zone.
10:32 of 1st period - Icing by Dan Fritsche.
10:33 of 1st period - Jozef Stumpel wins face-off versus Marc Savard in BlueJackets zone.
10:38 of 1st period - Shot by Alexander Frolov.
10:38 of 1st period - Shot Misses the Net.
10:47 of 1st period - Shot by Alexander Frolov.
10:47 of 1st period - Shot Misses the Net.
11:30 of 1st period - Shot by Ilya Kovalchuk.
11:30 of 1st period - Shot Misses the Net.
11:33 of 1st period - Shot by Bobby Holik.
11:33 of 1st period - Shot Misses the Net.
11:38 of 1st period - Shot by Ilya Kovalchuk.
11:38 of 1st period - Shot Blocked by Ron Hainsey.
11:39 of 1st period - Shot by Ilya Kovalchuk.
11:39 of 1st period - Stopped by Pascal Leclaire without a rebound.
11:40 of 1st period - Robert Lang wins face-off versus Tyler Arnason in BlueJackets zone.
11:57 of 1st period - Shot by Marian Hossa.
11:57 of 1st period - Shot Misses the Net.
12:00 of 1st period - Shot by Marian Hossa.
12:00 of 1st period - Shot Blocked by Radoslav Suchy.
12:11 of 1st period - Shot by Ladislav Nagy.
12:11 of 1st period - Stopped by Pascal Leclaire without a rebound.
12:12 of 1st period - Brendan Morrison wins face-off versus Marc Savard in BlueJackets zone.
12:29 of 1st period - Shot by Brendan Morrison.
12:29 of 1st period - Shot Misses the Net.
12:30 of 1st period - Shot by Greg de Vries.
12:30 of 1st period - Stopped by Pascal Leclaire without a rebound.
12:31 of 1st period - Jason Chimera wins face-off versus Jozef Stumpel in BlueJackets zone.
12:59 of 1st period - Jozef Stumpel is hit by Stephen Weiss and loses puck.
13:07 of 1st period - Shot by Ales Kotalik.
13:07 of 1st period - Shot Misses the Net.
13:27 of 1st period - Ladislav Nagy is hit by David Vyborny and loses puck.
13:35 of 1st period - Shot by Marian Hossa.
13:35 of 1st period - Shot Misses the Net.
13:36 of 1st period - Shot by Brett Clark.
13:36 of 1st period - Stopped by Pascal Leclaire with a rebound.
13:39 of 1st period - Shot by Ladislav Nagy.
13:39 of 1st period - Shot Misses the Net.
13:42 of 1st period - Shot by Robert Lang.
13:42 of 1st period - Stopped by Pascal Leclaire with a rebound.
13:45 of 1st period - Shot by Brett Clark.
13:45 of 1st period - Goal by Brett Clark - Thrashers : 2 - BlueJackets : 0.
13:46 of 1st period - Brendan Morrison wins face-off versus Marc Savard in neutral zone.
14:46 of 1st period - Icing by Mike Van Ryn.
14:47 of 1st period - Jozef Stumpel wins face-off versus Tyler Arnason in Thrashers zone.
14:47 of 1st period - Minor Penalty to Trevor Letowski for High sticking.
14:48 of 1st period - Sergei Fedorov wins face-off versus Robert Lang in Thrashers zone.
15:31 of 1st period - Shot by Brendan Morrison.
15:31 of 1st period - Deflect By Ilya Kovalchuk.
15:31 of 1st period - Shot Blocked by Brad Stuart.
16:17 of 1st period - Off-side.
16:18 of 1st period - Fredrik Modin wins face-off versus Brendan Morrison in neutral zone.
16:39 of 1st period - Shot by Ilya Kovalchuk.
16:39 of 1st period - Shot Blocked by Duvie Westcott.
16:40 of 1st period - Shot by Andy Sutton.
16:40 of 1st period - Stopped by Pascal Leclaire without a rebound.
16:41 of 1st period - Robert Lang wins face-off versus Sergei Fedorov in BlueJackets zone.
16:56 of 1st period - Shot by Robert Lang.
16:56 of 1st period - Goal by Robert Lang - Thrashers : 3 - BlueJackets : 0.
16:57 of 1st period - Tyler Arnason wins face-off versus Jozef Stumpel in neutral zone.
17:18 of 1st period - Shot by Alexander Frolov.
17:18 of 1st period - Stopped by Pascal Leclaire without a rebound.
17:19 of 1st period - Sergei Fedorov wins face-off versus Bobby Holik in BlueJackets zone.
17:27 of 1st period - Minor Penalty to Andy Sutton for Diving.
17:28 of 1st period - Jozef Stumpel wins face-off versus Marc Savard in neutral zone.
17:39 of 1st period - Shot by Nikolai Zherdev.
17:39 of 1st period - Stopped by Kari Lehtonen without a rebound.
17:40 of 1st period - Sergei Fedorov wins face-off versus Bobby Holik in Thrashers zone.
17:46 of 1st period - Nikolai Zherdev is hit by Bobby Holik and loses puck.
19:00 of 1st period - Shot by Marc Savard.
19:00 of 1st period - Shot Misses the Net.
19:03 of 1st period - Shot by Stephen Weiss.
19:03 of 1st period - Shot Misses the Net.
19:06 of 1st period - Shot by Marc Savard.
19:06 of 1st period - Shot Misses the Net.
19:07 of 1st period - Shot by Brad Stuart.
19:07 of 1st period - Shot Misses the Net.
19:10 of 1st period - Shot by Stephen Weiss.
19:10 of 1st period - Shot Misses the Net.
19:38 of 1st period - Major Penalty to Brenden Morrow for Checking from behind.
19:39 of 1st period - Fredrik Modin wins face-off versus Robert Lang in neutral zone.

Period #2

0:01 of 2nd period - Fredrik Modin wins face-off versus Brendan Morrison in neutral zone.
0:25 of 2nd period - Ilya Kovalchuk is hit by Tyler Arnason and loses puck.
1:00 of 2nd period - Icing by Marian Hossa.
1:01 of 2nd period - Robert Lang wins face-off versus Sergei Fedorov in Thrashers zone.
1:12 of 2nd period - Shot by Alexander Frolov.
1:12 of 2nd period - Shot Blocked by Trevor Letowski.
3:35 of 2nd period - Shot by Ales Kotalik.
3:35 of 2nd period - Shot Misses the Net.
3:38 of 2nd period - Shot by Ilya Kovalchuk.
3:38 of 2nd period - Goal by Ilya Kovalchuk - Thrashers : 4 - BlueJackets : 0.
3:39 of 2nd period - Ladislav Nagy wins face-off versus Fredrik Modin in neutral zone.
5:02 of 2nd period - Shot by Dan Fritsche.
5:02 of 2nd period - Shot Misses the Net.
5:05 of 2nd period - Shot by Marc Savard.
5:05 of 2nd period - Stopped by Kari Lehtonen without a rebound.
5:06 of 2nd period - Stephen Weiss wins face-off versus Ales Kotalik in Thrashers zone.
5:07 of 2nd period - Shot by Jason Chimera.
5:07 of 2nd period - Stopped by Kari Lehtonen without a rebound.
5:08 of 2nd period - Stephen Weiss wins face-off versus Robert Lang in Thrashers zone.
5:23 of 2nd period - Shot by Stephen Weiss.
5:23 of 2nd period - Stopped by Kari Lehtonen with a rebound.
5:28 of 2nd period - Shot by Stephen Weiss.
5:28 of 2nd period - Shot Misses the Net.
5:34 of 2nd period - Stephen Weiss is hit by Marian Hossa and loses puck.
5:36 of 2nd period - Shot by Stephen Weiss.
5:36 of 2nd period - Stopped by Kari Lehtonen with a rebound.
5:42 of 2nd period - Icing by Philippe Boucher.
5:43 of 2nd period - Marc Savard wins face-off versus Ladislav Nagy in Thrashers zone.
5:53 of 2nd period - Dan Fritsche is hit by Brett Clark and loses puck.
8:07 of 2nd period - Shot by Ilya Kovalchuk.
8:07 of 2nd period - Stopped by Pascal Leclaire without a rebound.
8:08 of 2nd period - Bobby Holik wins face-off versus Marc Savard in BlueJackets zone.
8:19 of 2nd period - Shot by Bobby Holik.
8:19 of 2nd period - Shot Misses the Net.
8:19 of 2nd period - Minor Penalty to Ilya Kovalchuk for Cross-checking.
8:20 of 2nd period - Bobby Holik wins face-off versus Marc Savard in BlueJackets zone.
8:58 of 2nd period - Icing by Brad Stuart.
8:59 of 2nd period - Jozef Stumpel wins face-off versus Marc Savard in BlueJackets zone.
9:17 of 2nd period - Icing by Radoslav Suchy.
9:18 of 2nd period - Bobby Holik wins face-off versus Fredrik Modin in BlueJackets zone.
9:19 of 2nd period - Shot by Scott Mellanby.
9:19 of 2nd period - Stopped by Pascal Leclaire with a rebound.
9:24 of 2nd period - Shot by Bobby Holik.
9:24 of 2nd period - Shot Misses the Net.
9:26 of 2nd period - Icing by Trevor Letowski.
9:27 of 2nd period - Sergei Fedorov wins face-off versus Jozef Stumpel in BlueJackets zone.
9:29 of 2nd period - Icing by Fredrik Modin.
9:30 of 2nd period - Sergei Fedorov wins face-off versus Jozef Stumpel in BlueJackets zone.
9:38 of 2nd period - Minor Penalty to Bobby Holik for Tripping.
9:39 of 2nd period - Sergei Fedorov wins face-off versus Marian Hossa in BlueJackets zone.
9:45 of 2nd period - Nikolai Zherdev is hit by Marian Hossa and loses puck.
10:02 of 2nd period - Nikolai Zherdev is hit by Brian Leetch and loses puck.
10:42 of 2nd period - Shot by Marc Savard.
10:42 of 2nd period - Stopped by Kari Lehtonen without a rebound.
10:43 of 2nd period - Ilya Kovalchuk wins face-off versus Sergei Fedorov in Thrashers zone.
10:55 of 2nd period - Icing by Ron Hainsey.
10:56 of 2nd period - Ilya Kovalchuk wins face-off versus Sergei Fedorov in BlueJackets zone.
11:39 of 2nd period - Shot by Marc Savard.
11:39 of 2nd period - Shot Misses the Net.
11:44 of 2nd period - Shot by Ilya Kovalchuk.
11:44 of 2nd period - Deflect By Scott Mellanby.
11:44 of 2nd period - Shot Misses the Net.
11:45 of 2nd period - Shot by Scott Mellanby.
11:45 of 2nd period - Shot Misses the Net.
11:50 of 2nd period - Shot by Ilya Kovalchuk.
11:50 of 2nd period - Shot Misses the Net.
11:50 of 2nd period - Minor Penalty to Brenden Morrow for Roughing.
11:51 of 2nd period - Robert Lang wins face-off versus Trevor Letowski in BlueJackets zone.
11:52 of 2nd period - Shot by Marian Hossa.
11:52 of 2nd period - Stopped by Pascal Leclaire with a rebound.
12:17 of 2nd period - Shot by Marian Hossa.
12:17 of 2nd period - Stopped by Pascal Leclaire with a rebound.
12:45 of 2nd period - Off-side.
12:46 of 2nd period - Brendan Morrison wins face-off versus Sergei Fedorov in neutral zone.
12:50 of 2nd period - Off-side.
12:51 of 2nd period - Brendan Morrison wins face-off versus Fredrik Modin in neutral zone.
12:56 of 2nd period - Shot by Brendan Morrison.
12:56 of 2nd period - Shot Blocked by Patrice Brisebois.
13:47 of 2nd period - Shot by Marian Hossa.
13:47 of 2nd period - Shot Misses the Net.
14:10 of 2nd period - Shot by Scott Mellanby.
14:10 of 2nd period - Stopped by Pascal Leclaire with a rebound.
14:36 of 2nd period - Minor Penalty to Ladislav Nagy for Diving.
14:37 of 2nd period - Jozef Stumpel wins face-off versus Marc Savard in neutral zone.
14:43 of 2nd period - Icing by Duvie Westcott.
14:44 of 2nd period - Anson Carter wins face-off versus Marc Savard in BlueJackets zone.
14:52 of 2nd period - Icing by Marc Savard.
14:53 of 2nd period - Marc Savard wins face-off versus Bobby Holik in BlueJackets zone.
15:06 of 2nd period - Shot by Nikolai Zherdev.
15:06 of 2nd period - Shot Misses the Net.
15:57 of 2nd period - Shot by Fredrik Modin.
15:57 of 2nd period - Shot Misses the Net.
16:00 of 2nd period - Shot by Fredrik Modin.
16:00 of 2nd period - Stopped by Kari Lehtonen with a rebound.
16:03 of 2nd period - Shot by Trevor Letowski.
16:03 of 2nd period - Shot Misses the Net.
16:08 of 2nd period - Shot by Trevor Letowski.
16:08 of 2nd period - Shot Misses the Net.
16:48 of 2nd period - Minor Penalty to Brendan Morrison for Slashing.
16:49 of 2nd period - Bobby Holik wins face-off versus Sergei Fedorov in Thrashers zone.
18:07 of 2nd period - Icing by Patrice Brisebois.
18:08 of 2nd period - Jozef Stumpel wins face-off versus Antti Miettinen in BlueJackets zone.
18:25 of 2nd period - Shot by Dan Fritsche.
18:25 of 2nd period - Shot Misses the Net.
18:46 of 2nd period - Shot by Brenden Morrow.
18:46 of 2nd period - Stopped by Kari Lehtonen without a rebound.
18:47 of 2nd period - Sergei Fedorov wins face-off versus Jozef Stumpel in Thrashers zone.
19:04 of 2nd period - Shot by David Vyborny.
19:04 of 2nd period - Shot Misses the Net.

Period #3

0:01 of 3rd period - Sergei Fedorov wins face-off versus Robert Lang in neutral zone.
0:13 of 3rd period - Marian Hossa is hit by Sergei Fedorov and loses puck.
0:28 of 3rd period - Minor Penalty to Nikolai Zherdev for Boarding.
0:29 of 3rd period - Fredrik Modin wins face-off versus Brendan Morrison in Thrashers zone.
0:46 of 3rd period - Shot by Ilya Kovalchuk.
0:46 of 3rd period - Goal by Ilya Kovalchuk - Thrashers : 5 - BlueJackets : 0.
0:46 of 3rd period - Dan Cloutier enters game.
0:47 of 3rd period - Jozef Stumpel wins face-off versus Marc Savard in neutral zone.
1:19 of 3rd period - Dan Fritsche is hit by Jozef Stumpel and loses puck.
1:32 of 3rd period - Icing by Duvie Westcott.
1:33 of 3rd period - Brendan Morrison wins face-off versus Marc Savard in BlueJackets zone.
1:55 of 3rd period - Major Penalty to Brenden Morrow for Kneeing.
1:56 of 3rd period - Sergei Fedorov wins face-off versus Robert Lang in Thrashers zone.
2:08 of 3rd period - Marian Hossa is hit by Brad Stuart and loses puck.
3:04 of 3rd period - Shot by Ilya Kovalchuk.
3:04 of 3rd period - Shot Misses the Net.
3:15 of 3rd period - Shot by Ales Kotalik.
3:15 of 3rd period - Shot Misses the Net.
3:16 of 3rd period - Shot by Brian Leetch.
3:16 of 3rd period - Stopped by Dan Cloutier without a rebound.
3:17 of 3rd period - Sergei Fedorov wins face-off versus Robert Lang in BlueJackets zone.
4:02 of 3rd period - Shot by Ilya Kovalchuk.
4:02 of 3rd period - Stopped by Dan Cloutier with a rebound.
4:05 of 3rd period - Shot by Brendan Morrison.
4:05 of 3rd period - Shot Misses the Net.
5:09 of 3rd period - Icing by Philippe Boucher.
5:10 of 3rd period - Brendan Morrison wins face-off versus Trevor Letowski in Thrashers zone.
5:27 of 3rd period - Shot by Ilya Kovalchuk.
5:27 of 3rd period - Shot Blocked by Patrice Brisebois.
6:27 of 3rd period - Icing by Mike Van Ryn.
6:28 of 3rd period - Fredrik Modin wins face-off versus Bobby Holik in Thrashers zone.
7:13 of 3rd period - Shot by Brendan Morrison.
7:13 of 3rd period - Stopped by Dan Cloutier without a rebound.
7:14 of 3rd period - Jozef Stumpel wins face-off versus Stephen Weiss in BlueJackets zone.
7:41 of 3rd period - Shot by David Vyborny.
7:41 of 3rd period - Deflect By Stephen Weiss.
7:41 of 3rd period - Shot Misses the Net.
7:44 of 3rd period - Shot by Jason Chimera.
7:44 of 3rd period - Goal by Jason Chimera - Thrashers : 5 - BlueJackets : 1.
7:45 of 3rd period - Bobby Holik wins face-off versus Marc Savard in neutral zone.
8:17 of 3rd period - Icing by Duvie Westcott.
8:18 of 3rd period - Marc Savard wins face-off versus Robert Lang in BlueJackets zone.
8:34 of 3rd period - Robert Lang is hit by Tyler Arnason and loses puck.
8:54 of 3rd period - Shot by Tyler Arnason.
8:54 of 3rd period - Shot Misses the Net.
8:55 of 3rd period - Shot by Patrice Brisebois.
8:55 of 3rd period - Deflect By Brenden Morrow.
8:55 of 3rd period - Shot Misses the Net.
8:56 of 3rd period - Shot by Patrice Brisebois.
8:56 of 3rd period - Stopped by Kari Lehtonen with a rebound.
8:59 of 3rd period - Shot by Brenden Morrow.
8:59 of 3rd period - Stopped by Kari Lehtonen without a rebound.
9:00 of 3rd period - Alexander Frolov wins face-off versus Sergei Fedorov in Thrashers zone.
9:35 of 3rd period - Shot by Alexander Frolov.
9:35 of 3rd period - Stopped by Dan Cloutier with a rebound.
9:39 of 3rd period - Nikolai Zherdev is hit by Niclas Havelid and loses puck.
9:54 of 3rd period - Marc Savard is hit by Alexander Frolov and loses puck.
10:47 of 3rd period - Fredrik Modin is hit by Brian Leetch and loses puck.
11:14 of 3rd period - Minor Penalty to Brendan Morrison for Hooking.
11:15 of 3rd period - Bobby Holik wins face-off versus Sergei Fedorov in neutral zone.
11:26 of 3rd period - Shot by Trevor Letowski.
11:26 of 3rd period - Deflect By Nikolai Zherdev.
11:26 of 3rd period - Stopped by Kari Lehtonen without a rebound.
11:27 of 3rd period - Bobby Holik wins face-off versus Marc Savard in Thrashers zone.
12:36 of 3rd period - Shot by Antti Miettinen.
12:36 of 3rd period - Shot Blocked by Brett Clark.
12:41 of 3rd period - Shot by Trevor Letowski.
12:41 of 3rd period - Deflect By Sergei Fedorov.
12:41 of 3rd period - Shot Misses the Net.
12:44 of 3rd period - Shot by Sergei Fedorov.
12:44 of 3rd period - Deflect By Antti Miettinen.
12:44 of 3rd period - Shot Misses the Net.
13:21 of 3rd period - Shot by Brenden Morrow.
13:21 of 3rd period - Shot Misses the Net.
13:26 of 3rd period - Shot by Marian Hossa.
13:26 of 3rd period - Stopped by Dan Cloutier without a rebound.
13:27 of 3rd period - Brendan Morrison wins face-off versus Marc Savard in BlueJackets zone.
13:31 of 3rd period - Icing by Duvie Westcott.
13:32 of 3rd period - Brendan Morrison wins face-off versus Marc Savard in BlueJackets zone.
13:35 of 3rd period - Shot by Ilya Kovalchuk.
13:35 of 3rd period - Shot Misses the Net.
14:05 of 3rd period - Icing by Brian Leetch.
14:06 of 3rd period - Brendan Morrison wins face-off versus Tyler Arnason in Thrashers zone.
14:08 of 3rd period - Minor Penalty to Brenden Morrow for Roughing.
14:09 of 3rd period - Robert Lang wins face-off versus Sergei Fedorov in Thrashers zone.
15:24 of 3rd period - Shot by Ales Kotalik.
15:24 of 3rd period - Deflect By Ilya Kovalchuk.
15:24 of 3rd period - Stopped by Dan Cloutier without a rebound.
15:25 of 3rd period - Fredrik Modin wins face-off versus Robert Lang in BlueJackets zone.
16:13 of 3rd period - Marc Savard is hit by Bobby Holik and loses puck.
16:24 of 3rd period - Minor Penalty to Duvie Westcott for Tripping.
16:25 of 3rd period - Sergei Fedorov wins face-off versus Brendan Morrison in BlueJackets zone.
17:10 of 3rd period - Shot by Marian Hossa.
17:10 of 3rd period - Stopped by Dan Cloutier without a rebound.
17:11 of 3rd period - Sergei Fedorov wins face-off versus Robert Lang in BlueJackets zone.
17:49 of 3rd period - Off-side.
17:50 of 3rd period - Sergei Fedorov wins face-off versus Brendan Morrison in neutral zone.
18:02 of 3rd period - Icing by Brian Leetch.
18:03 of 3rd period - Brendan Morrison wins face-off versus Sergei Fedorov in Thrashers zone.
18:08 of 3rd period - Shot by Ilya Kovalchuk.
18:08 of 3rd period - Shot Misses the Net.
18:26 of 3rd period - Icing by Brad Stuart.
18:27 of 3rd period - Marc Savard wins face-off versus Bobby Holik in BlueJackets zone.
18:57 of 3rd period - Marc Savard is hit by Andy Sutton and loses puck.
19:08 of 3rd period - Minor Penalty to Alexander Frolov for Interference.
19:09 of 3rd period - Sergei Fedorov wins face-off versus Jozef Stumpel in BlueJackets zone.
19:13 of 3rd period - Nikolai Zherdev is hit by Brett Clark and loses puck.
19:39 of 3rd period - Shot by Nikolai Zherdev.
19:39 of 3rd period - Stopped by Kari Lehtonen with a rebound.
19:40 of 3rd period - Shot by Radoslav Suchy.
19:40 of 3rd period - Deflect By Nikolai Zherdev.
19:40 of 3rd period - Goal by Nikolai Zherdev - Thrashers : 5 - BlueJackets : 2.
19:41 of 3rd period - Jozef Stumpel wins face-off versus Tyler Arnason in neutral zone.
19:52 of 3rd period - Shot by Jozef Stumpel.
19:52 of 3rd period - Deflect By Alexander Frolov.
19:52 of 3rd period - Shot Misses the Net.
19:57 of 3rd period - Shot by Jozef Stumpel.
19:57 of 3rd period - Shot Blocked by Radoslav Suchy.


Output by the SimonT Hockey Simulator (STHS) for Stephane Roy -- Original Page W3C XHTML 1.0 Valid